Workbook

Sheet DGDO
B3: 21st -27th December 2023 Domestic Gas Delivery Obligation (DGDO) Performance
B4: S/N | C4: COMPANY | D4: WEEKLY DGDO (MMScf) | E4: WEEKLY GAS SUPPLY (MMScf) | F4: DGDO PERFORMANCE
B5: 1 | C5: Chevron | D5: 3500 | E5: 1941.5 | F5: 0.55
B6: 2 | C6: SPDC | D6: 2217.6 | E6: 759.42 | F6: 0.34
B7: 3 | C7: NAOC | D7: 2496.9 | E7: 1321 | F7: 0.53
B8: 4 | C8: SEPLAT | D8: 1415.19 | E8: 1722.286 | F8: 1.22
B9: 5 | C9: FOL | D9: 609.84 | E9: 1180.4 | F9: 1.94
B10: 6 | C10: TEPNG | D10: 2143.75 | E10: 173.86 | F10: 0.08
B11: 7 | C11: NDPR | D11: 72.17 | E11: 12.295 | F11: 0.17
B12: 8 | C12: ENERGIA | D12: 181.44 | E12: 108.08 | F12: 0.6
B13: 9 | C13: EROTON | D13: 382.41 | E13: 116.78 | F13: 0.31
B14: 10 | C14: PPL | D14: 226.59 | E14: 174.888 | F14: 0.77
B15: 11 | C15: NPDC | D15: 4830 | E15: 2466.03 | F15: 0.51
B16: 12 | C16: POOC | D16: 107.03 | E16: 423 | F16: 3.95
... B43: 39 | C43: SUMMIT OIL | D43: 10.29 | E43: 0 | F43: 0
C44: TOTAL WEEKLY PERFORMANCE | F44: 0.52

Sheet West_Summary
B1: GAS ALLOCATION & BALANCE VOLUME SPLIT
B3: Producers | C3: Total Prooduction | D3: Total Commitment | E3: Balance Volume | F3: Remark
B4: CNL | C4: 191.4598 | D4: ='CNL Allocation '!G10 -> 193.3105 | E4: =C4-D4 -> -1.8507
B5: NEPL/NDW | C5: 217.12 | D5: ='NPDC JV ALLOCATION'!K10 -> 198.45199 | E5: =C5-D5 -> 18.668012
B6: NEPL (Oredo) | C6: 95.73 | D6: ='NEPL-Oredo'!E10 -> 90 | E6: =C6-D6 -> 5.73
B7: NPDC/Neconde | C7: 0 | D7: ='NPDC Neconde'!E10 -> 0 | E7: =C7-D7 -> 0
B8: POOC | C8: 60 | D8: ='Panocean Allocation'!E10 -> 55 | E8: =C8-D8 -> 5
B9: Xenergi | C9: 15.4295 | D9: =Xenergi!E10 -> 10 | E9: =C9-D9 -> 5.4295
B10: AHL | C10: 133 | D10: ='AHL Allocation '!E10 -> 115 | E10: =C10-D10 -> 18
B11: PPL | C11: 26.679 | D11: ='PPL Allocation '!E10 -> 25 | E11: =C11-D11 -> 1.679
B12: Chorus Energy | C12: 19.8798 | D12: =Chorus!D8 -> 15 | E12: =C12-D12 -> 4.8798
B13: SPDC | C13: 122.99 | D13: =SPDC!E10 -> 90.301512 | E13: =C13-D13 -> 32.688488
B14: Seplat | C14: 253.252 | D14: ='Seplat (Oben) Allocation'!G10 -> 239 | E14: =C14-D14 -> 14.252
B15: TOTAL | C15: =SUM(C4:C14) -> 1135.5401 | D15: =SUM(D4:D14) -> 1031.064 | E15: =SUM(E4:E14) -> 104.4761
B17: Power Customers | C17: Total Demand | D17: Demand Met | E17: Extra Supply | F17: Remark
B18: Egbin | C18: 105.886 | D18: ='CNL Allocation '!D8+'NPDC JV ALLOCATION'!H8 -> 150 | E18: =-(C18-D18) -> 44.114 | H18: 26
B19: Omotosho PP | C19: 28.542 | D19: =C19 -> 28.542 | E19: =C19-D19 -> 0
B20: Pacific Energy | C20: 26.279 | D20: =C20 -> 26.279 | E20: =C20-D20 -> 0
B21: Transcorp Power | C21: 14.43 | D21: =C21 -> 14.43 | E21: =C21-D21 -> 0
B22: Geregu Power | C22: 68.101 | D22: =C22 -> 68.101 | E22: =C22-D22 -> 0
B23: Sapele Power | C23: 18.232 | D23: =C23 -> 18.232 | E23: =C23-D23 -> 0
B24: Azura Power | C24: 95.107 | D24: ='Seplat (Oben) Allocation'!E8 -> 97 | E24: =-(C24-D24) -> 1.893
B25: NDPHC Ihovbor | C25: 0 | D25: =C25 -> 0 | E25: =C25-D25 -> 0
B26: NDPHC Geregu | C26: 31.57 | D26: =C26 -> 31.57 | E26: =C26-D26 -> 0 | F26: NIL CONSUMPTION
B27: NDPHC Sapele | C27: 0 | D27: =C27 -> 0 | E27: =C27-D27 -> 0
B28: NDPHC Omotosho | C28: 0 | D28: =C28 -> 0 | E28: =C28-D28 -> 0
B29: NDPHC Olorunsogo | C29: 25.91 | D29: =C29 -> 25.91 | E29: =C29-D29 -> 0 | F29: NIL CONSUMPTION
B30: TOTAL | C30: =SUM(C18:C29) -> 414.057 | D30: =SUM(D18:D29) -> 460.064 | E30: =SUM(E18:E29) -> 46.007
B32: Commercial Vol. | C32: Total Supply (MMscf) | D32: Total Demand (MMscf) | E32: Surplus Balance Volume (MMscf)
B33: NGMC | C33: ='NGML Gas Allocation '!E21 -> 330 | D33: ='NGML Gas Allocation '!D27 -> 326.71 | E33: =C33-D33 -> 3.29
B34: NGMC Surplus | E34: =E33 -> 3.29

Sheet NGML Gas Allocation 
B2: NGML
B3: Gas Producer | C3: Nomination (MMscfd) | D3: Allocation (MMscf) | E3: Actual Volume Allocation (MMscf)
B4: CNL Firm | C4: 25 | D4: 25 | E4: ='CNL Allocation '!F8 -> 25
B5: NPDC-NDW JV | C5: 55 | D5: 55 | E5: ='NPDC JV ALLOCATION'!G8 -> 55
B6: NPDC Oredo | C6: 35 | D6: 35 | E6: ='NEPL-Oredo'!D8 -> 35
B7: NPDC-Neconde JV | C7: 0 | D7: =C7*$E$2 -> 0 | E7: ='NPDC Neconde'!F6 -> 0
B8: Oceadeire Firm | C8: 20 | D8: 20 | E8: =Oceandaire!D8 -> 20
B9: Oceadeire Supply to Gaslink | C9: 0 | D9: =C9*$E$2 -> 0 | E9: 0
B10: Seplat Firm | C10: 30 | D10: 30 | E10: ='Seplat (Oben) Allocation'!G8 -> 30
B11: Seplat Interruptible | C11: 0 | D11: =C11*$E$2 -> 0 | E11: =D11 -> 0
B12: AHL Firm | C12: 100 | D12: 95 | E12: ='AHL Allocation '!D8 -> 100
B13: PPL Firm | C13: 20 | D13: 20 | E13: ='PPL Allocation '!D8 -> 20
B14: Gashub | C14: 0 | D14: =C14*$E$2 -> 0 | E14: =Gashub!D9 -> 0
B15: Xenergi Firm | C15: 10 | D15: 10 | E15: =Xenergi!D8 -> 10
B16: MSN | C16: 20 | D16: 20 | E16: =MSN!D8 -> 20
B17: Tetracore | C17: 10 | D17: 10 | E17: =Tetracore!D8 -> 10
B18: PCC | C18: 5 | D18: 5 | E18: =PCC!D8 -> 5
B19: Asherxino | C19: 10 | D19: 10 | E19: 0
B20: Chorus | C20: 15 | D20: 15 | E20: =Chorus!D8 -> 15
B21: Total Commercial | E21: =SUM(E4:E18) -> 330
B22: Total NGMC Supply | C22: =SUM(C4:C20) -> 355 | D22: =SUM(D4:D20) -> 350 | E22: =E21 -> 330
B24: Summary of Attribution and Sourced Volumes
B25: Volume Invoices NGML (Less GEL) | D25: 326.71
B26: NGML's Supply to QSL | D26: =QSL!E14 -> 0
B27: Total Offtake by NGML | D27: =D25+D26 -> 326.71

Sheet NGML_Attribution
B2: NGML
C3: NGML Offtake (MMscf) | D3: Total Purchase (MMscf) | F3: Balance (MMscf)
B4: Daily allocation | D4: ='NGML Gas Allocation '!D22/30 -> 11.666667
B5: No. Days in Month | D5: 30
B6: Nominal Allocation | D6: =D4*D5 -> 350
B7: Monthly Actual | C7: ='NGML Gas Allocation '!D27 -> 326.71 | D7: ='NGML Gas Allocation '!E22 -> 330 | F7: =D7-C7 -> 3.29
B9: Attribution | C9: =C7 -> 326.71 | D9: =D7 -> 330 | E9: =E7 -> 0 | F9: =F7 -> 3.29
B12: Total Attribution | D12: =D9 -> 330

Sheet NPDC JV ALLOCATION
B2: NPDC UTOROGU
C3: Injection (MMscf) | D3: Edjeba (MMscf) | E3: N-Gas (MMscf) | F3: SNG (MMscf) | G3: NGML (MMscf) | H3: Egbin (MMscfd) | I3: DFL (MMscf) | J3: Balance (MMscf) | K3: Omotosho (MMscf) | L3: Olorunsogo (MMscf) | M3: Transcorp (MMscf) | N3: Tetracore (MMscf) | O3: Unallocated Vol. (MMscf)
B4: Nomination | D4: 1 | E4: 45 | F4: 26 | G4: 55 | H4: 45 | I4: 5 | K4: 5 | L4: 5 | M4: 5 | N4: 0
B5: Allocation Forecast | D5: 1 | E5: 45 | F5: 26 | G5: 55 | H5: 45 | I5: 5 | K5: 5 | L5: 5 | M5: 5 | N5: 0
B6: Attribution | C6: =West_Summary!C5 -> 217.12 | D6: =D5 -> 1 | E6: 38.3105 | F6: =SNG!C17/1000000 -> 20.268488 | G6: =G5 -> 55 | H6: 45 | I6: =I5 -> 5 | J6: =C6-D6-E6-F6-G6-H6-I6 -> 52.541012 | K6: =Pacific!D5 -> 17.665 | L6: =Pacific!D4 -> 11.778 | M6: =Transcorp!E6 -> 4.43 | N6: =N5 -> 0 | O6: =J6-K6-L6-M6-N6 -> 18.668012
B8: Attribution | C8: =C6+C7 -> 217.12 | D8: =D6 -> 1 | E8: =E6 -> 38.3105 | F8: =F6 -> 20.268488 | G8: =G6 -> 55 | H8: =H6 -> 45 | I8: =I6 -> 5 | J8: =J6 -> 52.541012 | K8: =K6 -> 17.665 | ... O8: =O6 -> 18.668012
B10: Total Attribution | K10: =D8+E8+F8+G8+I8+K8+L8+M8+H8+N8 -> 198.45199

Sheet CNL Allocation 
B2: CNL
C3: CNL Sales (MMscf) | D3: Egbin (MMscf) | E3: N-Gas (MMscf) | F3: NGML (MMscf) | G3: DFL (MMscf) | H3: Oceandaire (MMscf) | I3: Bhakor (MMscf) | J3: Tetracore (MMscf) | K3: Gashub (MMScf) | L3: Raffles Energy (MMScf) | M3: MSN (MMScf) | N3: Transcorp (MMScf) | O3: Unallocated Vol. (MMscf)
B4: Nomination | D4: 105 | E4: 45 | F4: 25 | G4: 25 | H4: 0 | I4: 0 | J4: 0 | K4: 0 | L4: 0 | M4: 0 | N4: 0
B5: Allocation Forecast | D5: 105 | E5: 45 | F5: 25 | G5: 25 | H5: 0 | I5: 0 | J5: 0 | K5: 0 | L5: 0 | M5: 0 | N5: 0
B6: Attribution | C6: =West_Summary!C4 -> 191.4598 | D6: 105 | E6: 38.3105 | F6: =F5 -> 25 | G6: =G5 -> 25 | H6: 0 | I6: 0 | J6: =J5 -> 0 | K6: =K5 -> 0 | L6: 0 | M6: 0 | N6: =N5 -> 0 | O6: =C6-SUM(D6:N6) -> -1.8507
B8: Attribution | C8: =C6 -> 191.4598 | D8: =D6 -> 105 | E8: =E6 -> 38.3105 | F8: =F6 -> 25 | G8: =G6 -> 25 | H8: =H6 -> 0 | I8: =I6 -> 0 | J8: =J6 -> 0 | ... O8: =O6 -> -1.8507
B10: Total Attribution | G10: =SUM(D8:N8) -> 193.3105

Sheet NEPL-Oredo
B2: NEPL Oredo
C3: Oredo Supply (MMscf) | D3: NGML (MMscf) | E3: DFL Firm (MMscf) | F3: Oceandaire (MMscf) | G3: MSN (MMscf) | H3: Unallocated Vol. (MMscf)
B4: Nomination | D4: 35 | E4: 10 | F4: 0 | G4: 55
B5: Allocation Forecast | D5: 35 | E5: 10 | F5: 0 | G5: 55
B6: Attribution | C6: =West_Summary!C6 -> 95.73 | D6: =D5 -> 35 | E6: =E5 -> 10 | F6: =F5 -> 0 | G6: 45 | H6: =C6-D6-E6-G6-F6 -> 5.73
B8: Attribution | C8: =C6 -> 95.73 | D8: =D6 -> 35 | E8: =E6 -> 10 | F8: =F6 -> 0 | G8: =G6 -> 45 | H8: =H6 -> 5.73
B10: Total Attribution | E10: =D6+E6+F6+G6 -> 90

Sheet NPDC Neconde
B2: NPDC Neconde
C3: Neconde Supply (MMscf) | D3: MSN (MMscf) | E3: Customer 2 | F3: Customer 3 | G3: Unallocated Vol. (MMscf)
B4: Nomination | D4: 0 | E4: 0
B5: Allocation Forecast
B6: Attribution | C6: =West_Summary!C7 -> 0 | E6: 0 | G6: =C6-D6-E6-F6 -> 0
B8: Attribution | C8: =C6 -> 0 | D8: =D6 -> 0 | E8: =E6 -> 0 | F8: =F6 -> 0 | G8: =G6 -> 0
B10: Total Attribution | E10: =D8+E8+F8 -> 0

Sheet Panocean Allocation
B2: Pan Ocean
C3: POOC Injection (MMscf) | D3: Paras (MMscf) | E3: Oceandaire Firm (MMscf) | F3: Geregu Power (MMscf) | G3: Tetracore (MMscf) | H3: Unallocated Vol. (MMscf)
B4: Nomination | D4: 12 | E4: 20 | F4: 10 | G4: 19
B5: Allocation Forecast | D5: 12 | E5: 20 | F5: 10 | G5: 19
B6: Attribution | C6: =West_Summary!C8 -> 60 | D6: =D5 -> 12 | E6: 20 | F6: =F5 -> 10 | G6: 13 | H6: =C6-D6-E6-G6-F6 -> 5
B8: Attribution | C8: =C6 -> 60 | D8: =D6 -> 12 | E8: =E6 -> 20 | F8: =F6 -> 10 | G8: =G6 -> 13 | H8: =C8-D8-E8-G8-F8 -> 5
B10: Total Attribution | E10: =D8+E8+G8+F8 -> 55

Sheet Xenergi
B2: Xenergi
C3: Xenergi Deliveries (MMscf) | D3: NGML Firm (MMscf) | E3: Pacific | F3: Customer 3 | G3: Unallocated Vol. (MMscf)
B4: Nomination | D4: 10 | E4: 5
B5: Allocation Forecast | D5: 10 | E5: 0
B6: Attribution | C6: =West_Summary!C9 -> 15.4295 | D6: 10 | E6: 0 | F6: 0 | G6: =C6-D6-E6-F6 -> 5.4295
B8: Attribution | C8: =C6 -> 15.4295 | D8: =D6 -> 10 | E8: =E6 -> 0 | F8: =F6 -> 0 | G8: =G6 -> 5.4295
B10: Total Attribution | E10: =D8+E8+F8 -> 10

Sheet Chorus
B2: Chorus
C3: Chorus Deliveries (MMscf) | D3: NGML Firm (MMscf) | E3: Customer 2 | F3: Customer 3 | G3: Unallocated Vol. (MMscf)
B4: Nomination | D4: ='NGML Gas Allocation '!C20 -> 15 | E4: 0
B5: Allocation Forecast | D5: 15 | E5: 0
B6: Attribution | C6: =West_Summary!C12 -> 19.8798 | D6: 15 | E6: 0 | F6: 0 | G6: =C6-D6-E6-F6 -> 4.8798
B8: Attribution | C8: =C6 -> 19.8798 | D8: =D6 -> 15 | E8: =E6 -> 0 | F8: =F6 -> 0 | G8: =G6 -> 4.8798
B10: Total Attribution | E10: =D8+E8+F8 -> 15

Sheet SPDC
B2: SPDC (Tunu)
C3: Tunu Deliveries (MMscf) | D3: DFL (MMscf) | E3: SNG (MMscf) | F3: NDPHC (MMscf) | G3: Unallocated Vol. (MMscf)
B4: Nomination | D4: 60 | E4: 20 | F4: 40
B5: Allocation Forecast | D5: 60 | E5: 20 | F5: =F4 -> 40
B6: Attribution | C6: 103.74 | D6: =D5 -> 60 | E6: =SNG!C16/1000000 -> 17.443512 | F6: ='NDPHC Attribution'!F8 -> 12.858 | G6: =C6-D6-E6-F6 -> 13.438488
B8: Attribution | C8: =C6 -> 103.74 | D8: =D6 -> 60 | E8: =E6 -> 17.443512 | F8: =F6 -> 12.858 | G8: =G6 -> 13.438488
B10: Total Attribution | E10: =D8+E8+F8 -> 90.301512

Sheet AHL Allocation 
B2: AHL
C3: AHL Deliveries (MMscf) | D3: NGML Firm (MMscf) | E3: BUA Cement (MMscf) | F3: Customer 3 | G3: Unallocated Vol. (MMscf)
B4: Nomination | D4: 100
B5: Allocation Forecast | D5: 100
B6: Attribution | C6: =West_Summary!C10 -> 133 | D6: 100 | E6: 15 | G6: =C6-D6-E6-F6 -> 18
B8: Attribution | C8: =C6 -> 133 | D8: =D6 -> 100 | E8: =E6 -> 15 | F8: =F6 -> 0 | G8: =G6 -> 18
B10: Total Attribution | E10: =D8+E8+F8 -> 115

Sheet Axxela
B2: Axxela
C3: Axxela Supply (MMscf) | D3: DCP Obajana Allocation (MMScf) | E3: Customer 2 | F3: Customer 3 | G3: Unallocated Vol. (MMscf)
B4: Nomination | D4: 0
B5: Allocation Forecast | D5: 0
B6: Attribution | C6: 0 | D6: 0 | G6: =C6-D6-E6-F6 -> 0
B8: Attribution | C8: =C6 -> 0 | D8: =D6 -> 0 | E8: =E6 -> 0 | F8: =F6 -> 0 | G8: =G6 -> 0
B10: Total Attribution | E10: =D8+E8+F8 -> 0

Sheet PPL Allocation  
B2: PPL
C3: PPL Deliveries (MMscf) | D3: NGML Firm (MMscf) | E3: QSL/Youngxing (MMscf) | F3: Tetracore (MMScf) | G3: Pacific (MMScf) | H3: Unallocated Vol. (MMscf)
B4: Nomination | D4: 20 | E4: 3 | F4: 2 | G4: 0
B5: Allocation Forecast | D5: 20 | E5: 3 | F5: 2 | G5: 0
B6: Attribution | C6: =West_Summary!C11 -> 26.679 | D6: 20 | E6: 3 | F6: 2 | G6: 0 | H6: =C6-D6-E6-F6 -> 1.679
B8: Attribution | C8: =C6 -> 26.679 | D8: =D6 -> 20 | E8: =E6 -> 3 | F8: =F6 -> 2 | H8: =H6 -> 1.679
B10: Total Attribution | E10: =D6+E6+F6 -> 25

Sheet SNG
B2: SNG AGOT GAS DELIVERY ATTRIBUTION
B4: Total offtake by SNG (Scf) | C4: 42712000
B5: Daily Average (MMscfd) | C5: =C4/D5/1000000 -> 42.712 | D5: 1 | E5: Days of Supply
D6: First Attribution | F6: Final Attribution
B7: Supplier | C7: Daily Nomination (MMscfd) | D7: Capped Attribution (MMscfd) | E7: Volumes Attributed (MMscfd) | F7: Capped Attribution (MMscfd) | G7: Volumes Attributed (MMscfd)
B8: SPDC | C8: 20 | D8: =C8 -> 20 | E8: =IF(C8/($C$12-$C$11)*$C$5<=D8,C8/$C$12*$C$5,D8) -> 16.749804 | G8: =E8+C8/($C$8+$C$9+$C$10)*$E$13 -> 17.443512
B9: NEPL/NDW | C9: 26 | D9: 19.366667 | E9: =IF(C9/($C$12-$C$11)*$C$5<=D9,C9/$C$12*$C$5,D9) -> 19.366667 | G9: =E9+C9/($C$8+$C$9+$C$10)*$E$13 -> 20.268488
B10: GASHUB | C10: 0 | D10: 0 | E10: =IF(C10/($C$12-$C$11)*$C$5<=D10,C10/$C$12*$C$5,D10) -> 0 | G10: =E10+C10/($C$8+$C$9+$C$10)*$E$13 -> 0
B11: NGML | C11: 5 | D11: =C11 -> 5 | E11: =D11 -> 5 | G11: =C11 -> 5
B12: Total | C12: =SUM(C8:C11) -> 51 | E12: =SUM(E8:E11) -> 41.116471 | G12: =G8+G9+G11+G10 -> 42.712
B13: Unattributed Balance after first Attribution | E13: =C5-E12 -> 1.5955294 | G13: 0
B15: Supplier | C15: Volumes Attributed (scf)
B16: SPDC | C16: =G8*$D$5*1000000 -> 17443512
B17: NEPL/NDW | C17: =G9*$D$5*1000000 -> 20268488
B18: GASHUB | C18: =G10*$D$5*1000000 -> 0
B19: NGML | C19: =G11*$D$5*1000000 -> 5000000
B20: Total offtake by SNG | C20: =SUM(C16:C19) -> 42712000
B23: NGIC to Bill
B24: SNG | C24: =C16+C17 -> 37712000
B25: NGML | C25: =C19 -> 5000000
B26: GASHUB | C26: =C18 -> 0

Sheet Seplat (Oben)  Allocation
B2: SEPLAT
C3: Seplat Injection (MMscf) | D3: Geregu (MMscf) | E3: Azura (MMscf) | F3: Sapele (MMscf) | G3: NGML Firm (MMscf) | H3: Balance (MMscf) | I3: Gashub (MMScf) | J3: MSN (MMScf) | K3: Axxela (MMScf) | L3: Asherxino (MMScf) | M3: Transcorp (MMScf) | N3: Unallocated (MMscf)
B4: Nomination | D4: 40 | E4: 103 | F4: 12 | G4: 30 | I4: 0 | J4: 80 | K4: 0 | L4: 0 | M4: 10
B5: Allocation Forecast | D5: 40 | E5: 97 | F5: 12 | G5: 30 | I5: 0 | J5: 50 | K5: 0 | L5: 0 | M5: 10
B6: Attribution | C6: =West_Summary!C14 -> 253.252 | D6: 40 | E6: 97 | F6: 12 | G6: 30 | H6: =C6-D6-E6-G6-F6 -> 74.252 | I6: 0 | J6: 50 | K6: 0 | L6: 0 | M6: 10 | N6: =H6-I6-M6-J6-K6 -> 14.252
B8: Attribution | C8: =C6 -> 253.252 | D8: =D6 -> 40 | E8: =E6 -> 97 | F8: =F6 -> 12 | G8: =G6 -> 30 | I8: =I6 -> 0 | J8: =J6 -> 50 | K8: =K6 -> 0 | L8: =L6 -> 0 | M8: =M6 -> 10 | N8: =N6 -> 14.252
B10: Total Attribution | G10: =D8+E8+F8+G8+I8+J8+M8+K8 -> 239

Sheet Egbin_Attribution
B2: Egbin Power
C3: Egbin Offtake (MMscf) | D3: CNL Supply (MMscf) | E3: OML-34 JV Supply (MMscf) | F3: Supply 3 (MMscf) | G3: Balance (MMscf)
B4: Nomination | D4: ='CNL Allocation '!D4 -> 105 | E4: ='NPDC JV ALLOCATION'!H4 -> 45
B5: Allocation Forecast | D5: ='CNL Allocation '!D5 -> 105 | E5: ='NPDC JV ALLOCATION'!H5 -> 45
B6: Attribution | C6: =West_Summary!C18 -> 105.886 | D6: ='CNL Allocation '!D6 -> 105 | E6: ='Egbin Allocation'!G20 -> 31.7658 | G6: =SUM(D6:E6)-C6 -> 30.8798
B8: Attribution | C8: =C6 -> 105.886 | D8: =D6 -> 105 | E8: =E6 -> 31.7658 | F8: =F6 -> 0 | G8: =G6 -> 30.8798
B11: Total Attribution | E11: =D8+E8 -> 136.7658

Sheet Egbin Allocation
C1: 1 | D1: 2 | E1: 3 | F1: 4 | G1: 5 | H1: 6 | I1: 7 | J1: 8 | K1: 9 | L1: 10 | M1: 11 | N1: 12 | O1: 13 | P1: 14 | Q1: 15 | R1: 16 | S1: 17 | T1: 18 | U1: 19 | V1: 20 | W1: 21 | X1: 22 | Y1: 23 | Z1: 24 | AA1: 25 | AB1: 26 | AC1: 27 | AD1: 28 | AE1: 29 | AF1: 30
B2: Egbin Daily Offtake | C2: 132.066 | D2: 146.602 | E2: 142.304 | F2: 139.72 | H2: 105.886 | AG2: =SUM(C2:AF2) -> 666.578
AG3: =SUM(C3:AF3) -> 0
B5: Production | AG5: Average | AH5: Average Total daily forecast
B6: CNL | C6: 252.913 | D6: 220.5866 | E6: 233.5836 | F6: 192.585 | H6: 191.4598 | AG6: =AVERAGE(C6:AF6) -> 218.2256 | AH6: =AG6 -> 218.2256
B7: Utorogu | C7: 214.22 | D7: 219.91 | E7: 184.73 | F7: 214.24 | H7: 217.12 | AG7: =AVERAGE(C7:AF7) -> 210.044 | AH7: =AG7 -> 210.044
B9: Allocation Forecast
B10: CNL | C10: 66 | D10: =Egbin_Attribution!D4 -> 105 | E10: 105 | F10: 105 | G10: 105 | H10: 105 | AG10: =AVERAGE(C10:AF10) -> 98.5 | AH10: =AG6/AH6*AG10 -> 98.5
B11: Utorogu | C11: 45 | D11: =Egbin_Attribution!E4 -> 45 | E11: 45 | F11: 45 | G11: 45 | H11: 45 | AG11: =AVERAGE(C11:AF11) -> 45 | AH11: =AG7/AH7*AG11 -> 45
B12: Attribution | AG12: Total
B13: CNL | C13: =C2*$AH$10/($AH$10+$AH$11) -> 90.651575 | D13: =D2*$AH$10/($AH$10+$AH$11) -> 100.62925 | E13: =E2*$AH$10/($AH$10+$AH$11) -> 97.679052 | F13: =F2*$AH$10/($AH$10+$AH$11) -> 95.905366 | G13: =G2*$AH$10/($AH$10+$AH$11) -> 0 | H13: =H2*$H$10/($H$10+$H$11) -> 74.1202 | I13: =I2*$AH$10/($AH$10+$AH$11) -> 0 | J13: =J2*$AH$10/($AH$10+$AH$11) -> 0 | K13: =K2*$AH$10/($AH$10+$AH$11) -> 0 | L13: =L2*$AH$10/($AH$10+$AH$11) -> 0 | M13: =M2*$AH$10/($AH$10+$AH$11) -> 0 | N13: =N2*$AH$10/($AH$10+$AH$11) -> 0 | O13: =O2*$AH$10/($AH$10+$AH$11) -> 0 | P13: =P2*$AH$10/($AH$10+$AH$11) -> 0 | ... AF13: =AF2*$AH$10/($AH$10+$AH$11) -> 0 | AG13: =SUM(C13:AF13) -> 458.98544
B14: Utorogu | C14: =C2*$AH$11/($AH$10+$AH$11) -> 41.414425 | D14: =D2*$AH$11/($AH$10+$AH$11) -> 45.972753 | E14: =E2*$AH$11/($AH$10+$AH$11) -> 44.624948 | F14: =F2*$AH$11/($AH$10+$AH$11) -> 43.814634 | G14: =G2*$AH$11/($AH$10+$AH$11) -> 0 | H14: =H2*$H$11/($H$10+$H$11) -> 31.7658 | I14: =I2*$AH$11/($AH$10+$AH$11) -> 0 | J14: =J2*$AH$11/($AH$10+$AH$11) -> 0 | K14: =K2*$AH$11/($AH$10+$AH$11) -> 0 | L14: =L2*$AH$11/($AH$10+$AH$11) -> 0 | M14: =M2*$AH$11/($AH$10+$AH$11) -> 0 | N14: =N2*$AH$11/($AH$10+$AH$11) -> 0 | O14: =O2*$AH$11/($AH$10+$AH$11) -> 0 | P14: =P2*$AH$11/($AH$10+$AH$11) -> 0 | ... AF14: =AF2*$AH$11/($AH$10+$AH$11) -> 0 | AG14: =SUM(C14:AF14) -> 207.59256
B15: Total | C15: =C13+C14 -> 132.066 | D15: =D13+D14 -> 146.602 | E15: =E13+E14 -> 142.304 | F15: =F13+F14 -> 139.72 | G15: =G13+G14 -> 0 | H15: =H13+H14 -> 105.886 | I15: =I13+I14 -> 0 | J15: =J13+J14 -> 0 | ... AF15: =AF13+AF14 -> 0 | AG15: =SUM(C15:AF15) -> 666.578
B16: Check | C16: =C2=C15 -> TRUE | D16: =D2=D15 -> TRUE | E16: =E2=E15 -> TRUE | F16: =F2=F15 -> TRUE | G16: =G2=G15 -> TRUE | H16: =H2=H15 -> TRUE | I16: =I2=I15 -> TRUE | J16: =J2=J15 -> TRUE | ... AF16: =AF2=AF15 -> TRUE
F19: CNL | G19: =H13 -> 74.1202
F20: Utorogu | G20: =H14 -> 31.7658

Sheet NDPHC Attribution
B2: NDPHC
C3: NDPHC Offtake (MMscf) | D3: Tetracore Supply (MMscf) | E3: MSN Supply (MMscf) | F3: SPDC (MMscf) | G3: Balance (MMscf)
B4: Nomination | D4: 25 | E4: 70 | F4: 40
B5: Allocation Forecast | D5: 10 | E5: 70 | F5: 40
B6: Attribution | C6: =E18 -> 57.48 | D6: 0 | E6: 44.622 | F6: 12.858 | G6: =C6-E6-F6-D6 -> 0
B8: Attribution | C8: =C6 -> 57.48 | D8: =D6 -> 0 | E8: =E6 -> 44.622 | F8: =F6 -> 12.858 | G8: =G6 -> 0
B10: Total Attribution | D10: =D6+F6+E6 -> 57.48
D12: Plant | E12: Offtake (MMscf)
D13: NDPHC Ihovbor | E13: =West_Summary!C25 -> 0
D14: NDPHC Geregu | E14: =West_Summary!C26 -> 31.57
D15: NDPHC Sapele | E15: =West_Summary!C27 -> 0
D16: NDPHC Omotosho | E16: =West_Summary!C28 -> 0
D17: NDPHC Olorunsogo | E17: =West_Summary!C29 -> 25.91
D18: Total | E18: =SUM(E13:E17) -> 57.48

Sheet Oceandaire
B2: Oceandaire
C3: Oceandaire Supply (MMscf) | D3: NGML Firm (MMscf) | E3: MSN (MMscf) | F3: Customer 3 (MMscf) | G3: Balance (MMscf)
B4: Nomination | D4: 20 | E4: 0
B5: Allocation Forecast | D5: 20 | E5: 0
B6: Attribution | C6: =E17 -> 20 | D6: 20 | E6: 0 | G6: =C6-D6-E6 -> 0
B8: Attribution | C8: =C6 -> 20 | D8: =D6 -> 20 | E8: =E6 -> 0 | G8: =G6 -> 0
B10: Total Attribution | E10: =D6+E6+F6 -> 20
D12: Oceandaire Purchase
D13: Producer | E13: Supply (MMscf)
D14: CNL | E14: ='CNL Allocation '!H8 -> 0
D15: NEPL Oredo | E15: ='NEPL-Oredo'!F6 -> 0
D16: POOC | E16: ='Panocean Allocation'!E6 -> 20
D17: Total | E17: =SUM(E14:E16) -> 20

Sheet Gashub
B2: Gashub
C3: Gashub Supply (MMscf) | D3: NGML (MMscf) | E3: SNG (MMscf) | F3: Supply 3 (MMscf) | G3: Supply 4 (MMscf) | H3: Balance (MMscf)
B4: Daily allocation | D4: 0 | E4: =SNG!C10 -> 0
B5: No. Days in Month | E5: 0
B6: Nominal Allocation | D6: =D4*D5 -> 0 | E6: =E4*E5 -> 0
B7: Monthly Actual | C7: =D16 -> 0 | D7: 0 | E7: =SNG!C18/1000000 -> 0 | H7: =C7-D7-E7 -> 0
B9: Attribution | C9: =C7 -> 0 | D9: =D7 -> 0 | E9: =E7 -> 0 | H9: =H7 -> 0
B11: Total Attribution | E11: =D7+E7+F7 -> 0
C13: Producer | D13: Supply (MMscf)
C14: SEPLAT | D14: ='Seplat (Oben) Allocation'!I6 -> 0
C15: CNL | D15: ='CNL Allocation '!K6 -> 0
C16: Total | D16: =SUM(D14:D15) -> 0

Sheet Transcorp
B2: Transcorp Power
C3: Transcorp Power Offtake (MMscf) | D3: SEPLAT Supply (MMscf) | E3: OML-34 JV Supply (MMscf) | F3: Balance (MMscf)
B4: Nomination | D4: ='Seplat (Oben) Allocation'!M4 -> 10 | E4: ='NPDC JV ALLOCATION'!M4 -> 5
B5: Allocation Forecast | D5: 10 | E5: 5
B6: Attribution | C6: =West_Summary!C21 -> 14.43 | D6: 10 | E6: 4.43 | F6: =-C6+SUM(D6:E6) -> 0
B8: Attribution | C8: =C6 -> 14.43 | D8: =D6 -> 10 | E8: =E6 -> 4.43 | F8: =F6 -> 0
B11: Total Attribution | D11: =D6+E6 -> 14.43

Sheet Tetracore
B2: Tetracore
C3: Tetracore Supply (MMscf) | D3: NGML (MMscf) | E3: NDPHC (MMscf) | F3: Rongtai (MMscf) | G3: Balance (MMscf)
B4: Nomination | D4: 10 | E4: 25 | F4: 6
B5: Allocation Forecast | D5: 10 | E5: 25 | F5: 6
B6: Attribution | C6: =E18 -> 15 | D6: 10 | E6: ='NDPHC Attribution'!D8 -> 0 | F6: 5 | G6: =C6-D6-E6-F6 -> 0
B8: Attribution | C8: =C6 -> 15 | D8: =D6 -> 10 | E8: =E6 -> 0 | F8: =F6 -> 5 | G8: =G6 -> 0
B10: Total Attribution | E10: =D6+E6+F6 -> 15
D12: Tetracore Purchase
D13: Producer | E13: Supply (MMscf)
D14: CNL | E14: ='CNL Allocation '!J8 -> 0
D15: NPDC JV | E15: ='NPDC JV ALLOCATION'!N8 -> 0
D16: PPL | E16: ='PPL Allocation '!F8 -> 2
D17: POOC | E17: ='Panocean Allocation'!G8 -> 13
D18: Total | E18: =SUM(E14:E17) -> 15

Sheet QSL
B2: QSL
C3: QSL Supply (MMscf) | D3: Youngxing Power (MMscf) | E3: Customer 2 (MMscf) | F3: Customer 3 (MMscf) | G3: Balance (MMscf)
B4: Nomination | D4: 6
B5: Allocation Forecast | D5: 6
B6: Attribution | C6: =E16 -> 3 | D6: 3 | G6: =C6-D6-E6-F6 -> 0
B8: Attribution | C8: =C6 -> 3 | D8: =D6 -> 3 | E8: =E6 -> 0 | F8: =F6 -> 0 | G8: =G6 -> 0
B10: Total Attribution | E10: =D6+E6+F6 -> 3
D12: QSL Purchase
D13: Producer | E13: Supply (MMscf)
D14: NGML | E14: 0
D15: Platform | E15: ='PPL Allocation '!E8 -> 3
D16: Total | E16: =SUM(E14:E15) -> 3

Sheet PCC
B2: PCC
C3: PCC Supply (MMscf) | D3: NGML (MMscf) | E3: Customer 2 (MMscf) | F3: Customer 3 (MMscf) | G3: Balance (MMscf)
B4: Nomination | D4: 5
B5: Allocation Forecast | D5: 5
B6: Attribution | C6: =E16 -> 5 | D6: 5 | G6: =C6-D6-E6-F6 -> 0
B8: Attribution | C8: =C6 -> 5 | D8: =D6 -> 5 | E8: =E6 -> 0 | F8: =F6 -> 0 | G8: =G6 -> 0
B10: Total Attribution | E10: =D6+E6+F6 -> 5
D12: PCC Purchase
D13: Producer | E13: Supply (MMscf)
D14: MSN | E14: =MSN!G8 -> 5
D16: Total | E16: =SUM(E14:E15) -> 5

Sheet MSN
B2: MSN
C3: MSN Supply (MMscf) | D3: NGML Firm (MMscf) | E3: NGML Interr. (MMscf) | F3: NDPHC (MMscf) | G3: PCC (MMscf) | H3: Pacific Energy (PEL) (MMscf) | I3: Pacific Energy (OEECL) (MMscf) | J3: Balance (MMscf)
B4: Nomination | D4: ='NGML Gas Allocation '!C16 -> 20 | E4: 0 | F4: ='NDPHC Attribution'!E4 -> 70 | G4: 5
B5: Allocation Forecast | D5: 20 | E5: 0 | F5: 70 | G5: 5
B6: Attribution | C6: =E20 -> 95 | D6: 20 | E6: 0 | F6: ='NDPHC Attribution'!E8 -> 44.622 | G6: 5 | H6: 14.501 | I6: 10.877 | J6: =C6-D6-E6-H6-I6-F6-G6 -> -1.4210855e-14
B8: Attribution | C8: =C6 -> 95 | D8: =D6 -> 20 | E8: =E6 -> 0 | F8: =F6 -> 44.622 | G8: =G6 -> 5 | H8: =H6 -> 14.501 | I8: =I6 -> 10.877 | J8: =J6 -> -1.4210855e-14
B10: Total Attribution | E10: =D6+E6+H6+I6+F6+G6 -> 95
D12: MSN Purchase
D13: Producer | E13: Supply (MMscf)
D14: SEPLAT | E14: ='Seplat (Oben) Allocation'!J8 -> 50
D15: CNL | E15: ='CNL Allocation '!M8 -> 0
D16: NPDC Oredo | E16: ='NEPL-Oredo'!G8 -> 45
D17: Raffles | E17: ='CNL Allocation '!L8 -> 0
D18: Oceandaire | E18: =Oceandaire!E14 -> 0
D19: Bhakor | E19: ='CNL Allocation '!I8 -> 0
D20: Total | E20: =SUM(E14:E19) -> 95

Sheet Pacific
B2: Pacific Energy
C3: Offtake (MMscf) | D3: OML-34 JV Supply (MMscf) | E3: MSN Supply (MMscf) | F3: POOC (MMscf) | G3: Balance (MMscf)
B4: PEL | C4: =E14 -> 26.279 | D4: 11.778 | E4: =MSN!H6 -> 14.501 | F4: 0 | G4: =C4-D4-E4-F4 -> 0
B5: OEECL | C5: =E15 -> 28.542 | D5: 17.665 | E5: =MSN!I6 -> 10.877 | F5: 0 | G5: =C5-D5-E5-F5 -> 0
B6: Total | C6: =E16 -> 54.821 | D6: =SUM(D4:D5) -> 29.443 | E6: =SUM(E4:E5) -> 25.378 | F6: =SUM(F4:F5) -> 0 | G6: =C6-D6-E6-F6 -> -3.5527137e-15
B8: Attribution | C8: =C6 -> 54.821 | D8: =D6 -> 29.443 | E8: =E6 -> 25.378 | F8: =F6 -> 0 | G8: =G6 -> -3.5527137e-15
B10: Total Attribution | E10: =D6+E6+F6 -> 54.821
D12: May -2023 Offtake
D13: Plant | E13: Offtake (MMscf)
D14: PEL | E14: =West_Summary!C20 -> 26.279
D15: OEECL | E15: =West_Summary!C19 -> 28.542
D16: Total | E16: =SUM(E14:E15) -> 54.821

Sheet DFL_Attribution
B2: DFL Gas Attribution
C3: DFL Offtake (MMscf) | D3: CNL Supply (MMscf) | E3: SPDC Supply (MMscf) | F3: NPDC Oredo Supply (MMscf) | G3: OML-34 JV Supply (MMscf) | H3: Balance (MMscf)
B4: Nomination | D4: ='CNL Allocation '!G4 -> 25 | E4: =SPDC!D4 -> 60 | F4: ='NEPL-Oredo'!E4 -> 10 | G4: ='NPDC JV ALLOCATION'!I4 -> 5
B5: Allocation Forecast | D5: ='CNL Allocation '!G5 -> 25 | E5: =SPDC!D5 -> 60 | F5: 10 | G5: ='NPDC JV ALLOCATION'!I5 -> 5
B6: Attribution | C6: 96.3 | D6: ='CNL Allocation '!G8 -> 25 | E6: =SPDC!D8 -> 60 | F6: ='NEPL-Oredo'!E8 -> 10 | G6: ='NPDC JV ALLOCATION'!I8 -> 5 | H6: =-C6+SUM(D6:G6) -> 3.7
B8: Attribution | C8: =C6 -> 96.3 | D8: =D6 -> 25 | E8: =E6 -> 60 | F8: =F6 -> 10 | G8: =G6 -> 5 | H8: =H6 -> 3.7
B11: Total Attribution | F11: =D6+F6+G6+E6 -> 100

Sheet East_Summary
B1: EASTERN GAS ALLOCATION
B3: Producers | C3: Total Production | D3: Total Commitment | E3: Balance Volume | F3: Remark
B4: Accugas | D4: =Accugas!F11 -> 0 | E4: =C4-D4 -> 0 | F4: =D4/C4 -> #DIV/0!
B5: HHOG | D5: =HHOG!F11 -> 242.86574 | E5: =C5-D5 -> -242.86574 | F5: =D5/C5 -> #DIV/0!
B6: NEOL | D6: =NEOL!E11 -> 690.48618 | E6: =C6-D6 -> -690.48618 | F6: =D6/C6 -> #DIV/0!
B7: TEPNG
B8: NEPL
B10: TOTAL | C10: =SUM(C4:C9) -> 0 | D10: =SUM(D4:D9) -> 933.35192 | E10: =SUM(E4:E9) -> -933.35192 | F10: =D10/C10 -> #DIV/0!
B12: Power Customers | C12: Total Demand | D12: Demand Met | E12: Extra Supply | F12: Remark
B13: Notore | D13: =C13 -> 0 | E13: =-(C13-D13) -> 0
B14: TransAfam | D14: =C14 -> 0
B15: FIPL (Afam) | D15: =C15 -> 0 | E15: =C15-D15 -> 0
B16: FIPL (TA) | D16: =C16 -> 0
B17: FIPL (Eleme) | D17: =C17 -> 0
B18: CHGC | D18: =C18 -> 0 | E18: =C18-D18 -> 0
B19: NGML | D19: =C19 -> 0 | E19: =C19-D19 -> 0
B20: NDPHC (Alaoji) | E20: =C20-D20 -> 0
E21: =C21-D21 -> 0
B22: TOTAL | C22: =SUM(C13:C21) -> 0 | D22: =SUM(D13:D21) -> 0 | E22: =SUM(E13:E21) -> 0

Sheet Accugas
B2: Accugas
C3: Accugas Deliveries (MMscf) | D3: CHGC (MMscf) | E3: FIPL (MMscf) | F3: Notore (MMscf) | G3: Customer 4 (MMscf) | H3: Unallocated Vol. (MMscf)
B4: Daily allocation
B5: No. Days in Month | D5: 30 | E5: 30 | F5: 30
B6: Nominal Allocation | D6: =D4*D5 -> 0
B7: Monthly Actual | C7: =East_Summary!C4 -> 0 | H7: =C7-D7-E7-F7 -> 0
B9: Attribution | C9: =C7 -> 0 | D9: =D7 -> 0 | E9: =E7 -> 0 | F9: =F7 -> 0 | G9: =G7 -> 0 | H9: =H7 -> 0
B11: Total Attribution | F11: =D9+F9+G9+E9 -> 0

Sheet HHOG
B2: HHOG
C3: HHOG Deliveries (MMscf) | D3: NGML (MMscf) | E3: TransAfam (MMscf) | F3: Customer 3 (MMscf) | G3: Customer 4 (MMscf) | H3: Unallocated Vol. (MMscf)
B4: Daily allocation | D4: 2 | E4: 36
B5: No. Days in Month | D5: 30 | E5: 30 | F5: 30
B6: Nominal Allocation | D6: =D4*D5 -> 60 | E6: =E4*E5 -> 1080
B7: Monthly Actual | C7: =East_Summary!C5 -> 0 | D7: 59.167639 | E7: 183.6981 | F7: 0 | H7: =C7-D7-E7-F7 -> -242.86574
B9: Attribution | C9: =C7 -> 0 | D9: =D7 -> 59.167639 | E9: =E7 -> 183.6981 | F9: =F7 -> 0 | G9: =G7 -> 0 | H9: =H7 -> -242.86574
B11: Total Attribution | F11: =D9+E9 -> 242.86574

Sheet NEOL
B2: NEOL
C3: NEOL Deliveries (MMscf) | D3: FIPL (MMscf) | E3: Notore (MMscf) | F3: Customer 4 (MMscf) | G3: Unallocated Vol. (MMscf)
B4: Daily allocation | D4: 40.1 | E4: 3
B5: No. Days in Month | D5: 30 | E5: 5
B6: Nominal Allocation | D6: =D4*D5 -> 1203 | E6: =E4*E5 -> 15
B7: Monthly Actual | C7: =East_Summary!C6 -> 0 | D7: 677.69338 | E7: 12.792797 | G7: =C7-D7-E7 -> -690.48618
B9: Attribution | C9: =C7 -> 0 | D9: =D7 -> 677.69338 | E9: =E7 -> 12.792797 | F9: =F7 -> 0 | G9: =G7 -> -690.48618
B11: Total Attribution | E11: =D9+E9+F9 -> 690.48618

Sheet FIPL
B2: FIPL
C3: FIPL Offtake (MMscf) | D3: Accugas Supply (MMscf) | E3: NEOL (MMscf) | F3: Supplier 3 (MMscf) | G3: Balance (MMscf)
B4: Daily allocation
B5: No. Days in Month | D5: 30 | E5: 30
B6: Nominal Allocation | D6: =D5*D4 -> 0
B7: Monthly Actual | C7: =SUM(East_Summary!C15:C17) -> 0 | D7: =F16 -> 0 | E7: =F17 -> 677.69338 | G7: =SUM(D7:F7)-C7 -> 677.69338 | I7: =C7-D7 -> 0
B9: Attribution | C9: =C7 -> 0 | D9: =D7 -> 0 | E9: =E7 -> 677.69338 | F9: =F7 -> 0 | G9: =G7 -> 677.69338
B12: Total Attribution | E12: =D9+E9 -> 677.69338
E14: FIPL Purchase
E15: Producer | F15: Supply (MMscf)
E16: Accugas | F16: =Accugas!E9 -> 0
E17: NEOL | F17: =NEOL!D9 -> 677.69338
E19: Total | F19: =SUM(F16:F17) -> 677.69338

Sheet Notore
B2: Notore
C3: Notore Offtake (MMscf) | D3: Accugas Supply (MMscf) | E3: NEOL (MMscf) | F3: Supplier 3 (MMscf) | G3: Balance (MMscf)
B4: Daily allocation
B5: No. Days in Month | D5: 30 | E5: 30
B6: Nominal Allocation | D6: =D5*D4 -> 0
B7: Monthly Actual | C7: =East_Summary!C13 -> 0 | D7: =Accugas!F9 -> 0 | E7: =NEOL!E9 -> 12.792797 | G7: =SUM(D7:F7)-C7 -> 12.792797
B9: Attribution | C9: =C7 -> 0 | D9: =D7 -> 0 | E9: =E7 -> 12.792797 | F9: =F7 -> 0 | G9: =G7 -> 12.792797
B12: Total Attribution | E12: =D9+E9 -> 12.792797
E14: Notore Purchase
E15: Producer | F15: Supply (MMscf)
E16: Accugas | F16: =Accugas!F9 -> 0
E17: NEOL | F17: =NEOL!E9 -> 12.792797
E19: Total | F19: =SUM(F16:F17) -> 12.792797

Sheet CHGC
B2: CHGC
C3: CHGC Offtake (MMscf) | D3: Accugas Supply (MMscf) | E3: Supplier 2 (MMscf) | F3: Supplier 3 (MMscf) | G3: Balance (MMscf)
B4: Daily allocation
B5: No. Days in Month | D5: 30
B6: Nominal Allocation | D6: =D5*D4 -> 0
B7: Monthly Actual | C7: =East_Summary!C18 -> 0 | D7: =Accugas!D9 -> 0 | G7: =SUM(D7:F7)-C7 -> 0
B9: Attribution | C9: =C7 -> 0 | D9: =D7 -> 0 | E9: =E7 -> 0 | F9: =F7 -> 0 | G9: =G7 -> 0
B12: Total Attribution | E12: =D9+E9 -> 0
E14: CHGC Purchase
E15: Producer | F15: Supply (MMscf)
E16: Accugas | F16: =Accugas!D7 -> 0
E18: Total | F18: =SUM(F16:F16) -> 0

Sheet NGML
B2: NGML
C3: NGML Offtake (MMscf) | D3: HHOG Supply (MMscf) | E3: Supplier 2 (MMscf) | F3: Supplier 3 (MMscf) | G3: Balance (MMscf)
B4: Daily allocation
B5: No. Days in Month | D5: 30
B6: Nominal Allocation | D6: =D5*D4 -> 0
B7: Monthly Actual | C7: =HHOG!D9 -> 59.167639 | D7: =HHOG!D9 -> 59.167639 | G7: =SUM(D7:F7)-C7 -> 0
B9: Attribution | C9: =C7 -> 59.167639 | D9: =D7 -> 59.167639 | E9: =E7 -> 0 | F9: =F7 -> 0 | G9: =G7 -> 0
B12: Total Attribution | E12: =D9+E9 -> 59.167639
E14: NGML Purchase
E15: Producer | F15: Supply (MMscf)
E16: HHOG | F16: =HHOG!D9 -> 59.167639
E18: Total | F18: =SUM(F16:F16) -> 59.167639

Sheet TransAfam
B2: TransAfam
C3: TransAfam Offtake (MMscf) | D3: HHOG Supply (MMscf) | E3: Supplier 2 (MMscf) | F3: Supplier 3 (MMscf) | G3: Balance (MMscf)
B4: Daily allocation
B5: No. Days in Month | D5: 30
B6: Nominal Allocation | D6: =D5*D4 -> 0
B7: Monthly Actual | C7: =East_Summary!C14 -> 0 | D7: =HHOG!E9 -> 183.6981 | G7: =SUM(D7:F7)-C7 -> 183.6981
B9: Attribution | C9: =C7 -> 0 | D9: =D7 -> 183.6981 | E9: =E7 -> 0 | F9: =F7 -> 0 | G9: =G7 -> 183.6981
B12: Total Attribution | E12: =D9+E9 -> 183.6981
E14: TransAfam Purchase
E15: Producer | F15: Supply (MMscf)
E16: HHOG | F16: =HHOG!E7 -> 183.6981
E18: Total | F18: =SUM(F16:F16) -> 183.6981
